 Dungeon Crawl Stone Soup version 0.31-a0-675-g238779eb0a (webtiles) character file.

Game seed: 4473519242313044580

69 randomguy2701 the Trooper (level 4, -7/40 HPs)
             Began as a Hill Orc Fighter on Sept 5, 2023.
             Mangled by Sigmund
             ... wielding a +0 heavy scythe
              (20 damage)
             ... on level 2 of the Dungeon.
             The game lasted 00:03:17 (1648 turns).

randomguy2701 the Trooper (Hill Orc Fighter)        Turns: 1648, Time: 00:03:17

Health: -7/40      AC:  7    Str: 18    XL:     4   Next: 20%
Magic:  4/4        EV:  9    Int:  8    God:
Gold:   68         SH:  5    Dex: 12    Spells: 3/3 levels left

rFire   . . .        a - +0 war axe
rCold   . . .        c - +0 buckler
rNeg    . . .        b - +0 scale mail
rPois   .            (no helmet)
rElec   .            (no cloak)
rCorr   .            (no gloves)
SInv    .            (no boots)
Will    .....        (no amulet) Stlth
                     (no ring)
HPRegen 0.26/turn    (no ring)
MPRegen 0.09/turn

%: no passive effects
@: no status effects
A: no striking features
a: no special abilities


You were on level 2 of the Dungeon.
You visited 1 branch of the dungeon, and saw 2 of its levels.

You collected 68 gold pieces.

Inventory:

Hand Weapons
 a - a +0 war axe (weapon)
Missiles
 h - a throwing net
Armour
 b - a +0 scale mail (worn)
 c - a +0 buckler (worn)
Scrolls
 e - 5 scrolls of identify {unknown}
 g - a scroll of noise {unknown}
 j - 2 scrolls of teleportation {unknown}
 k - a scroll of vulnerability {unknown}
Potions
 d - a potion of might
 f - a potion of ambrosia {unknown}
 i - 2 potions of invisibility {unknown}
 l - a potion of lignification {unknown}


   Skills:
 + Level 4.1 Fighting
 + Level 3.6 Axes
 + Level 3.9 Armour
 + Level 0.4 Dodging
 + Level 3.9 Shields


You had 3 spell levels left.
You didn't know any spells.
Your spell library was empty.

Dungeon Overview and Level Annotations

Branches:
Dungeon (2/15)

Altars:

Annotations:
D:2 Sigmund


Message History

Sigmund hits you with a +0 heavy scythe!
You closely miss Sigmund.
Sigmund is lightly wounded.
Sigmund hits you with a +0 heavy scythe!
* * * LOW HITPOINT WARNING * * *
You are too injured to fight recklessly!
You are too injured to fight recklessly!
You are too injured to fight recklessly!
You are too injured to fight recklessly!
You are too injured to fight recklessly!
You are too injured to fight recklessly!
You are too injured to fight recklessly!
You are too injured to fight recklessly!
You are too injured to fight recklessly!
You are too injured to fight recklessly!
You are too injured to fight recklessly!
You are too injured to fight recklessly!
You are too injured to fight recklessly!
You are too injured to fight recklessly!
You are too injured to fight recklessly!
You are too injured to fight recklessly!
You are too injured to fight recklessly!
You are too injured to fight recklessly!
You are too injured to fight recklessly!
You are too injured to fight recklessly!
You are too injured to fight recklessly!
You are too injured to fight recklessly!
You completely miss Sigmund.
Sigmund is lightly wounded.
You closely miss Sigmund.
Sigmund is lightly wounded.
Sigmund barely misses you.
You slash Sigmund!
Sigmund is moderately wounded.
You closely miss Sigmund.
Sigmund is moderately wounded.
Sigmund hits you with a +0 heavy scythe!!
Ouch! That really hurt!
You die...
Sigmund begins carving another notch in his scythe.

### ####.##########.# ##
#....#....#.....#
.####....#.##.#<)#..#
.)..#....#.#†.#..#..# .#.#
#[..#....#.#..#..#..##+###.#.##
#...#....#.#.##..#............#
#...#....#.......#............#
#...#....###.###.#............#
#........#...[..@@............#
#........#.#.###..#...........###
#...#....#.#.. .........†.......#
....#.##.# ########.#####.#...#.#
....#....# ........#............
..######.#######...##.#......##.#
..# #.#............#.....#....
..# #...###..##########†...###
..# #.#..>............).†.....


You could see Sigmund.

Vanquished Creatures
  2 adders (D:2)
  A worm (D:2)
  4 bats
  3 endoplasms
  A giant cockroach (D:1)
  2 goblins (D:1)
  2 hobgoblins (D:1)
  8 jackals
  A quokka (D:1)
  4 ball pythons
  3 frilled lizards
  8 kobolds
  5 rats
44 creatures vanquished.

Notes
Turn   | Place    | Note
-------+----------+-------------------------------------------
     0 | D:1      | randomguy2701 the Hill Orc Fighter began the quest for the
                  | Orb.
     0 | D:1      | Reached XP level 1. HP: 19/19 MP: 1/1
   233 | D:1      | Reached XP level 2. HP: 27/27 MP: 2/2
   345 | D:1      | Found a faded altar of an unknown god.
   548 | D:1      | Reached skill level 4 in Fighting
   596 | D:1      | Reached XP level 3. HP: 33/33 MP: 3/3
  1021 | D:2      | Identified the +1 spear "Vebo Rerawo" {heavy, Int+4}
  1043 | D:2      | Noticed Sigmund
  1303 | D:2      | Reached XP level 4. HP: 40/40 MP: 4/4
  1648 | D:2      | Mangled by Sigmund

Illustrated notes

Levels and vault maps discovered:
D:1:      spicycebolla_green_bress_n_ham_2, layout_loops_ring,
          nicolae_ecumenical_lake_church
D:2:      layout_basic, uniq_sigmund

Skill      XL: |  1  2  3 |
---------------+----------+-----
Fighting       | 4 |  4.1
Axes           | 3 |  3.6
Armour         | |  3.9
Dodging        | |  0.4
Shields        | |  3.9

Action                     |  1- 3 |  4- 6 || total
---------------------------+-------+-------++-------
  Melee: War axe           |   115 |    28 ||   143
 Armour: Scale mail        |   110 |    14 ||   124
  Dodge: Dodged            |    69 |     8 ||    77
  Block: Buckler           |    48 |     4 ||    52

Table legend: (Time is in decaauts)
 A = Elapsed time spent in this place.
 B = Non-inter-level travel time spent in this place.
 C = Inter-level travel time spent in this place.
 D = Time resting spent in this place.
 E = Time spent auto-exploring this place.
 F = Levels seen in this place.
 G = Mean time per level.
                   A        B        C        D        E       F      G
               +--------+--------+--------+--------+--------+-----+--------+
         Total |   1706 |   1639 |     67 |      0 |   1275 |   2 |  853.0 |
       Dungeon |   1706 |   1639 |     67 |      0 |   1275 |   2 |  853.0 |
               +--------+--------+--------+--------+--------+-----+--------+

Top non-repeatable levels by time:
     D:1: 1081 daAuts
     D:2: 625 daAuts
